 Dungeon Crawl Stone Soup version 0.32-a0-427-g448f42529f (webtiles) character file.

Game seed: 10340465894934362446

1041 Amplified the Charlatan (level 8, 0/67 HPs)
             Began as a Mountain Dwarf Wanderer on Feb 21, 2024.
             Was an Initiate of the Shining One.
             Slain by Maggie
             ... wielding a +1 long sword of flaming
              (16 damage)
             ... on level 6 of the Dungeon on Feb 22, 2024.
             The game lasted 00:07:39 (4548 turns).

Amplified the Charlatan (Mountain Dwarf Wanderer)   Turns: 4548, Time: 00:07:40

Health: 0/67       AC:  6    Str: 17    XL:     8   Next: 4%
Magic:  0/16       EV: 10    Int: 10    God:    the Shining One [......]
Gold:   249        SH:  0    Dex: 10    Spells: 13/16 levels left

rFire   . . .        a - +2 whip (venom)
rCold   . . .        (no shield)
rNeg    . . .        o - +0 ring mail of the Cockatrice {Will+}
rPois   .            (no helmet)
rElec   .            g - +2 cloak
rCorr   .            (no gloves)
SInv    .            (no boots)
Will    +....        c - amulet of faith Stlth
                     (no ring)
HPRegen 0.31/turn    (no ring)
MPRegen 0.15/turn

%: faith
@: corroded, mesmerised, very slightly contaminated, hasted, glowing, very quick
A: runic magic, artefact enchanting, iridescent scales 1, high MP 1, weak 1
a: Renounce Religion


You were on level 6 of the Dungeon.
You worshipped the Shining One.
The Shining One was noncommittal.
You visited 1 branch of the dungeon, and saw 6 of its levels.

You collected 249 gold pieces.

Inventory:

Hand Weapons
 a - a +2 whip of venom (weapon)
Missiles
 f - 9 poisoned darts
Armour
 g - a +2 cloak (worn)
 o - the +0 ring mail of the Cockatrice (worn) {Will+}
   (You found it on level 5 of the Dungeon)

   Will+:     It increases your willpower.
Magical Staves
 k - a staff of death
Jewellery
 c - an amulet of faith (around neck)
 m - an amulet of magic regeneration
Wands
 i - a wand of polymorph (2)
Scrolls
 b - a scroll of identify
 h - a scroll of enchant weapon
 j - a scroll of vulnerability
Potions
 e - a potion of enlightenment
 l - a potion of invisibility
 n - a potion of cancellation


   Skills:
 * Level 4.9 Fighting
 * Level 5.0 Maces & Flails
 - Level 3.1 Armour
 * Level 4.6 Spellcasting
 - Level 3.6 Fire Magic
 - Level 1.0 Alchemy
 - Level 5.8 Evocations


You had 13 spell levels left.
You knew the following spells:

 Your Spells              Type           Power      Damage    Failure   Level
a - Sting                 Conj/Alch      12%        1d3       22%         1
b - Scorch                Fire           18%        2d5       10%         2

Your spell library contained the following spells:

 Spells                   Type           Power      Damage    Failure   Level
 Mephitic Cloud           Conj/Alch/Air  2%         N/A       58%         3
 Flame Wave               Conj/Fire      5%         2d5       78%         4
 Summon Cactus Giant      Summ           1%         N/A       100%        6


Dungeon Overview and Level Annotations

Branches:
Dungeon (6/15)
 Temple: D:4-7

Altars:
Cheibriados
Elyvilon
Uskayaw
Vehumet
The Shining One

Annotations:
D:6 Maggie, Prince Ribbit


Innate Abilities, Weirdness & Mutations

Your spellcasting is much less encumbered by armour.
You can use scrolls of enchantment on lesser artefacts.
You are partially covered in iridescent scales. (AC +2)
You have an increased reservoir of magic. (+10% MP)
You are weak. (Str -2)


Message History

Confirm with . or Enter, or press ? or * to list all spells.
Flames lash the jelly.
You kill the jelly!
Maggie barely misses you.
Your Maces & Flails skill increases to level 5!
Unknown command.
Unknown command.
Casting: Scorch (safe; 10% risk of failure)
Confirm with . or Enter, or press ? or * to list all spells.
You don't have enough magic to cast this spell.
Unknown command.
Unknown command.
Unknown command.
Casting: Scorch (safe; 10% risk of failure)
Confirm with . or Enter, or press ? or * to list all spells.
Aiming: Sting (safe; 22% risk of failure)
Press: ? - help, Shift-Dir - straight line, f/p - Maggie
Aim: Maggie, wielding a +1 long sword of flaming and wearing +0 swamp dragon scales (severely wounded, mesmerising, extremely poisoned, more vulnerable to fire, haloed, 81% to hit)
The sting misses Maggie.
Maggie closely misses you.
Prince Ribbit lets out a mournful croak.
Prince Ribbit blinks!
Unknown command.
Casting: Sting (safe; 22% risk of failure)
Confirm with . or Enter, or press ? or * to list all spells.
You don't have enough magic to cast this spell.
Unknown command.
Unknown command.
Unknown command.
Unknown command.
Okay, then.
Okay, then.
You cannot move away from Maggie!
Unknown command.
You hit Maggie but do no damage.
Maggie is severely wounded.
Unknown command.
You hit Maggie.
Maggie is severely wounded.
Maggie hits you with a +1 long sword of flaming!
You die...

#.#### ##... #....#
####...# ##....#
#......###......#
.#......##..#....#
.........#.##....#
...........##....#
..........#......#
#.....?@....#....####
......@F..####..<...#
...........# #......#
##.......#..........#
#...........##......#
#..........##########
..........##
#...$.....#
#.........#


You could see Maggie (mesmerising, very poisoned, combustible) and Prince
Ribbit.

Vanquished Creatures
  Menkaure (D:5)
  2 black bears (D:5)
  3 ogres
  2 howler monkeys (D:4)
  A crimson imp (D:5)
  2 bombardier beetles
  A jelly (D:6)
  An orc priest (D:3)
  A sleepcap (D:5)
  An iguana (D:6)
  An orc wizard (D:3)
  3 gnolls (D:4)
  3 adders
  2 ufetubi (D:5)
  A dart slug (D:3)
  10 orcs
  7 ball pythons
  7 endoplasms
  3 goblins
  4 hobgoblins
  2 jackals (D:3)
  7 kobolds
  4 quokkas
  2 bats
  A frilled lizard (D:3)
  2 goblin zombies (D:5)
  2 hobgoblin zombies (D:5)
  2 kobold zombies (D:5)
  4 orc skeletons (D:5)
  An orc zombie (D:5)
  4 rats
87 creatures vanquished.

Notes
Turn   | Place    | Note
-------+----------+-------------------------------------------
     0 | D:1      | Amplified the Mountain Dwarf Wanderer began the quest for
                  | the Orb.
     0 | D:1      | Amplified set off with the following items: a +0 club, a +0
                  | ring mail, a scroll of fear, a wand of quicksilver (3); and
                  | the following spell memorised: Sting; and the following
                  | spells available to memorise: Mephitic Cloud.
     0 | D:1      | Reached XP level 1. HP: 14/14 MP: 3/3
     0 | D:1      | Upgraded the game from 0.32-a0-418-g34023cf50c to
                  | 0.32-a0-427-g448f42529f
   308 | D:1      | Reached skill level 1 in Fighting
   308 | D:1      | Reached XP level 2. HP: 13/23 MP: 4/4
   899 | D:2      | Reached XP level 3. HP: 27/28 MP: 5/5
   904 | D:2      | Found a faded altar of an unknown god.
   959 | D:2      | Reached skill level 1 in Maces & Flails
  1233 | D:2      | Learned a level 2 spell: Scorch
  1638 | D:3      | Found a hide-covered altar of Uskayaw.
  1655 | D:3      | Reached XP level 4. HP: 33/36 MP: 6/6
  1751 | D:3      | Reached skill level 1 in Fire Magic
  2482 | D:4      | Reached XP level 5. HP: 41/41 MP: 8/8
  2483 | D:4      | Noticed an ogre
  2487 | D:4      | Killed an ogre
  2577 | D:4      | Noticed an ogre
  2582 | D:4      | Reached XP level 6. HP: 48/48 MP: 10/10
  2681 | D:4      | Found a white marble altar of Elyvilon.
  3050 | D:4      | Gained mutation: You are weak. (Str -2) [potion of
                  | mutation]
  3050 | D:4      | Gained mutation: You have an increased reservoir of magic.
                  | (+10% MP) [potion of mutation]
  3050 | D:4      | Gained mutation: You are partially covered in iridescent
                  | scales. (AC +2) [potion of mutation]
  3089 | D:5      | Entered Level 5 of the Dungeon
  3518 | D:3      | Reached XP level 7. HP: 49/57 MP: 10/13
  3554 | D:5      | Found a radiant altar of Vehumet.
  3686 | D:5      | Found a snail-covered altar of Cheibriados.
  3879 | D:5      | Found a glowing golden altar of the Shining One.
  3925 | D:5      | Became a worshipper of the Shining One
  4094 | D:5      | Identified the +0 ring mail of the Cockatrice {Will+}
  4281 | D:5      | Noticed Menkaure
  4290 | D:5      | Killed Menkaure
  4523 | D:6      | Noticed Maggie
  4530 | D:6      | Reached XP level 8. HP: 57/67 MP: 10/16
  4542 | D:6      | Noticed Prince Ribbit
  4546 | D:6      | Reached skill level 5 in Maces & Flails
  4548 | D:6      | Slain by Maggie

Illustrated notes

Levels and vault maps discovered:
D:1:      ldierk_walled_garden_2, layout_loops_ring
D:2:      layout_loops_ring, shapermc_ecumenical_altar_ellora
D:3:      layout_basic, mainiacjoe_overflow_surrounded_room
D:4:      layout_cave_pools, overflow_temple_1_default
D:5:      layout_basic, mainiacjoe_overflow_small_starburst,
          lemuel_doored_altar, nicolae_tso_besieged_by_evil,
          minmay_misc_feat_rows, uniq_menkaure
D:6:      layout_rooms, amcnicky_altar_gilded, minmay_temple_entry_from_below_a,
          uniq_maggie, uniq_grinder, uniq_prince_ribbit1, uniq_eustachio

Skill      XL: |  1  2  3  4  5  6  7  8 |
---------------+-------------------------+-----
Fighting       | 1 2 3 4 |  4.9
Maces & Flails | 1 3 4 5 |  5.0
Armour         | 3 |  3.1
Spellcasting   | 2 3 4 |  4.6
Fire Magic     | 2 3 |  3.6
Alchemy        | |  1.0
Evocations     | |  5.8

Action                     |  1- 3 |  4- 6 |  7- 9 || total
---------------------------+-------+-------+-------++-------
  Melee: Whip              |   147 |   148 |    64 ||   359
         Club              |     7 |       |       ||     7
   Cast: Scorch            |       |     7 |    27 ||    34
         Sting             |       |     4 |     4 ||     8
  Evoke: Wand              |       |     3 |       ||     3
    Use: Scroll            |     2 |     4 |     2 ||     8
         Potion            |     1 |     4 |     3 ||     8
   Stab: Fleeing           |       |     1 |       ||     1
 Armour: Ring mail         |    97 |   114 |    74 ||   285
  Dodge: Dodged            |    95 |    56 |    57 ||   208

Table legend: (Time is in decaauts)
 A = Elapsed time spent in this place.
 B = Non-inter-level travel time spent in this place.
 C = Inter-level travel time spent in this place.
 D = Time resting spent in this place.
 E = Time spent auto-exploring this place.
 F = Levels seen in this place.
 G = Mean time per level.
                   A        B        C        D        E       F      G
               +--------+--------+--------+--------+--------+-----+--------+
         Total |   4523 |   4198 |    325 |    283 |   2907 |   6 |  753.8 |
       Dungeon |   4523 |   4198 |    325 |    283 |   2907 |   6 |  753.8 |
               +--------+--------+--------+--------+--------+-----+--------+

Top non-repeatable levels by time:
     D:3: 1168 daAuts
     D:5: 1044 daAuts
     D:1: 857 daAuts
     D:4: 773 daAuts
     D:2: 652 daAuts
     D:6: 27 daAuts
